 Dungeon Sprint DCSS version 0.23.2-11-gf996548c65 (webtiles) character file.

Game seed: 12451712451384810442

11178 Kobolds4U the Warrior (level 11, -1/119 HPs)
             Began as a Minotaur Fighter on June 3, 2019.
             Was a Priest of Uskayaw.
             Slain by a fire giant
             ... wielding a +2 great sword of flaming
              (5 damage)
             ... in the Dungeon (Sprint I: "Red Sonja").
             The game lasted 00:09:29 (2579 turns).

Kobolds4U the Warrior (Minotaur Fighter)            Turns: 2579, Time: 00:09:30

Health: -1/119     AC: 21    Str: 21    XL:     11   Next: 45%
Magic:  18/18      EV:  5    Int:  5    God:    Uskayaw [***...]
Gold:   533        SH: 10    Dex: 17    Spells: 10/10 levels left

rFire    + . .     SeeInvis .   a - +0 war axe
rCold    . . .     Gourm    .   c - +0 shield
rNeg     . . .     Faith    .   m - +1 plate armour {MR+}
rPois    .         Spirit   .   k - +0 hat
rElec    .         Reflect  .   n - +2 cloak of Sloth {rF+ Dex+4}
rCorr    .         Harm     .   (no gloves)
MR       +....     NoTele   +   (no boots)
Stlth    ..........             (no amulet)
HPRegen  0.29/turn              (no ring)
MPRegen  0.16/turn              (no ring)

@: hasted, very quick
A: retaliatory headbutt, horns 2
a: Stomp, Line Pass, Renounce Religion


You were in the Dungeon.
You worshipped Uskayaw.
Uskayaw was aware of your devotion.
You were not hungry.

You visited 1 branch You collected 1772 gold pieces.
You spent 1239 gold pieces at shops.

Inventory:

Hand Weapons
 a - a +0 war axe (weapon)
 d - a +0 shortbow
Missiles
 g - 53 arrows
Armour
 c - a +0 shield (worn)
 k - a +0 hat (worn)
 m - a +1 plate armour of magic resistance (worn)
 n - the +2 cloak of Sloth (worn) {rF+ Dex+4}
   (You bought it in a shop in the Dungeon)

   It affects your dexterity (+4).
   It protects you from fire.
Wands
 l - a wand of digging (3)
Scrolls
 f - a scroll of fear
Potions
 i - 2 potions of magic
Comestibles
 j - a ration


   Skills:
 + Level 18.1 Fighting
 - Level 16.4 Axes
 - Level 10.2 Bows
 + Level 15.6 Armour
 - Level 3.6 Shields
 * Level 10.7 Invocations


You had 10 spell levels left.
You didn't know any spells.
Your spell library was empty.

Dungeon Overview and Level Annotations

Branches:
Dungeon (1/1)

Altars:
Cheibriados
Dithmenos
Elyvilon
Fedhas
Gozag
Hepliaklqana
Kikubaaqudgha
Makhleb
Nemelex Xobeh
Okawaru
Qazlal
Ru
Sif Muna
Trog
Uskayaw
Vehumet
Wu Jian
Xom
Yredelemnul
Zin
The Shining One
Jiyva
Lugonu

Shops:
D (}%([[}:(!*(=?=


Innate Abilities, Weirdness & Mutations

You reflexively headbutt those who attack you in melee.
You have a pair of horns on your head.


Message History

The helpless fire giant fails to defend itself.
You hit the fire giant.
The fire giant is severely wounded.
The helpless fire giant fails to defend itself.
You hit the fire giant but do no damage.
The fire giant is no longer paralysed.
The fire giant hits you with a +0 great sword of flaming!!
* * * LOW HITPOINT WARNING * * *
The fire giant burns you.
* * * LOW HITPOINT WARNING * * *
The helpless fire giant fails to defend itself.
You hit the fire giant.
The fire giant is severely wounded.
You slash the fire giant!
The fire giant is no longer paralysed. x3
You block the fire giant's attack. x2
You feel yourself speed up.
The fire giant hits you with a +2 great sword of flaming!!
* * * LOW HITPOINT WARNING * * *
The fire giant burns you.
You die...

#.'.#
#.##..$#
###.#
#..#+###
#.# ##...#
#####§#
###.#
...##§#
#.#
....+§#
#.#
#####.#
####'#
§...#§#
###....#
§§.#'§#
#C@.####
.§§####
....CCC###
.§§#
...####
≈≈## . ###
+### #∩∩#
∩∩## ###


You could see 4 fire giants.

Vanquished Creatures
  2 centaur warriors (D)
  7 unseen horrors (D)
  A lindwurm (D)
  An oklob plant (D)
  2 kobold demonologists (D)
  4 demonic crawlers (D)
  A hornet (D)
  A slime creature (D)
  Sigmund (D)
  2 redbacks (D)
  13 hogs (D)
  A yak (D)
  2 floating eyes (D)
  7 necrophages (D)
  An ogre (D)
  8 jellies (D)
  Ijyb (D)
55 creatures vanquished.

Vanquished Creatures (others)
  A gargoyle (D)
1 creature vanquished.

Grand Total: 56 creatures vanquished

Notes
Turn   | Place    | Note
-------+----------+-------------------------------------------
     0 | D        | Kobolds4U the Minotaur Fighter began the quest for the Orb.
     0 | D        | Reached XP level 1. HP: 19/19 MP: 0/0
     1 | D        | Noticed Ijyb
    15 | D        | Killed Ijyb
    15 | D        | Reached XP level 2. HP: 26/26 MP: 1/1
    21 | D        | Noticed an ogre
    24 | D        | Killed an ogre
    24 | D        | Reached XP level 3. HP: 31/31 MP: 2/2
    24 | D        | Reached XP level 4. HP: 39/39 MP: 3/3
    30 | D        | Noticed Sigmund
    35 | D        | Killed Sigmund
    35 | D        | Reached XP level 5. HP: 38/45 MP: 4/4
    44 | D        | Found a burning altar of Makhleb.
    44 | D        | Found a viscous altar of Jiyva.
    44 | D        | Found a shimmering altar of Xom.
    44 | D        | Found a corrupted altar of Lugonu.
    44 | D        | Noticed a slime creature
    51 | D        | Killed a slime creature
    51 | D        | Reached skill level 7 in Fighting
    51 | D        | Reached skill level 5 in Armour
    51 | D        | Reached XP level 6. HP: 22/60 MP: 5/5
    52 | D        | Found an ornate altar of the Wu Jian Council.
    52 | D        | Found a deep blue altar of Sif Muna.
    54 | D        | Found a radiant altar of Vehumet.
    60 | D        | Found Runeul's Antique Weapon Emporium.
    60 | D        | Found an ancient bone altar of Kikubaaqudgha.
    60 | D        | Found a hazy altar of Hepliaklqana.
    60 | D        | Found a stormy altar of Qazlal.
    60 | D        | Found a hide-covered altar of Uskayaw.
    60 | D        | Found a blossoming altar of Fedhas.
    60 | D        | Found a bloodstained altar of Trog.
    60 | D        | Found an iron altar of Okawaru.
    60 | D        | Found a basalt altar of Yredelemnul.
    60 | D        | Found a glowing golden altar of the Shining One.
    60 | D        | Found a snail-covered altar of Cheibriados.
    60 | D        | Found a sacrificial altar of Ru.
    60 | D        | Found a glowing silver altar of Zin.
    60 | D        | Found a shadowy altar of Dithmenos.
    60 | D        | Found a white marble altar of Elyvilon.
    60 | D        | Noticed a yak
    64 | D        | Killed a yak
    64 | D        | Reached skill level 8 in Fighting
    64 | D        | Reached skill level 15 in Axes
    64 | D        | Reached XP level 7. HP: 25/69 MP: 6/6
    65 | D        | Found an opulent altar of Gozag.
    66 | D        | Found a sparkling altar of Nemelex Xobeh.
    71 | D        | Became a worshipper of Uskayaw the Reveler
   322 | D        | Noticed a centaur warrior
   322 | D        | Noticed a centaur warrior
   324 | D        | Reached * piety under Uskayaw
   328 | D        | HP: 1/69 [centaur warrior (3)]
   331 | D        | Reached ** piety under Uskayaw
   332 | D        | Killed a centaur warrior
   332 | D        | Reached skill level 11 in Fighting
   332 | D        | Reached XP level 8. HP: 15/83 MP: 3/7
   335 | D        | Reached *** piety under Uskayaw
   337 | D        | HP: 5/124 [centaur warrior (8)]
   338 | D        | Reached **** piety under Uskayaw
   340 | D        | Killed a centaur warrior
   340 | D        | Reached skill level 13 in Fighting
   340 | D        | Reached skill level 10 in Armour
   439 | D        | Killed a gargoyle
   670 | D        | Noticed a hornet
   680 | D        | Killed a hornet
   680 | D        | Reached skill level 14 in Fighting
   680 | D        | Reached XP level 9. HP: 58/95 MP: 8/8
   821 | D        | Noticed an oklob plant
   826 | D        | Killed an oklob plant
   834 | D        | Reached skill level 15 in Fighting
   841 | D        | Reached ***** piety under Uskayaw
  1113 | D        | Killed an unseen horror
  1121 | D        | Killed an unseen horror
  1121 | D        | Reached XP level 10. HP: 59/107 MP: 9/9
  1121 | D        | Reached ****** piety under Uskayaw
  1124 | D        | Reached skill level 16 in Fighting
  1440 | D        | Found Xueduosk's Food Shoppe.
  1440 | D        | Found Yziobb's Gadget Shop.
  1440 | D        | Found Adwuchint's Weapon Boutique.
  1442 | D        | Found Zezetuff's Antique Armour Emporium.
  1442 | D        | Found Jicyas's Armour Shop.
  1442 | D        | Found Rahan's Gadget Shoppe.
  1442 | D        | Found Zaecsuk's Book Boutique.
  1442 | D        | Found Firapot's Weapon Emporium.
  1442 | D        | Found Zic Zaz's Distillery.
  1442 | D        | Found Qaci's Assorted Antiques.
  1446 | D        | Bought a ration for 70 gold pieces
  1447 | D        | Found Hympoll's Weapon Boutique.
  1448 | D        | Found Batzugu's Magic Scroll Emporium.
  1448 | D        | Found Qadanidd's Jewellery Boutique.
  1449 | D        | Found Waem's Jewellery Emporium.
  1467 | D        | Bought a hat for 92 gold pieces
  1467 | D        | Bought a shiny plate armour for 598 gold pieces
  1483 | D        | Bought the +2 cloak of Sloth {rF+ Dex+4} for 479 gold
                  | pieces
  1732 | D        | Reached skill level 10 in Bows
  1993 | D        | Noticed a lindwurm
  1999 | D        | Killed a lindwurm
  1999 | D        | Reached skill level 5 in Invocations
  2009 | D        | Reached skill level 17 in Fighting
  2027 | D        | Reached XP level 11. HP: 100/117 MP: 15/15
  2150 | D        | Noticed a daeva
  2153 | D        | Noticed an unseen horror
  2154 | D        | Noticed an unseen horror
  2157 | D        | Killed an unseen horror
  2166 | D        | Killed an unseen horror
  2166 | D        | Reached skill level 15 in Armour
  2166 | D        | Killed an unseen horror
  2173 | D        | Killed an unseen horror
  2173 | D        | Reached skill level 18 in Fighting
  2173 | D        | Reached skill level 10 in Invocations
  2182 | D        | Killed an unseen horror
  2561 | D        | Noticed a fire giant
  2562 | D        | Noticed a fire giant
  2564 | D        | Noticed a fire giant
  2565 | D        | Noticed a fire giant
  2579 | D        | HP: 4/119 [fire giant/+2 great sword of flaming (20)]
  2579 | D        | Slain by a fire giant

Skill      XL: |  1  2  3  4  5  6  7  8  9 10 11 |
---------------+----------------------------------+-----
Axes           | 7 11 14 15 16 | 16.4
Fighting       | 7 8 11 14 15 17 18 | 18.1
Armour         | 5 6 9 10 12 14 15 | 15.6
Bows           | 8 10 | 10.2
Invocations    | 7 10 | 10.7
Shields        | |  3.6

Action                   |  1- 3 |  4- 6 |  7- 9 | 10-12 || total
-------------------------+-------+-------+-------+-------++-------
Melee: War axe           |    15 |    15 |    54 |   117 ||   201
       Headbutt          |     1 |     2 |    15 |    31 ||    49
Invok: Stomp             |       |       |     1 |     2 ||     3
  Use: Potion            |     1 |       |     3 |     1 ||     5
       Scroll            |       |       |     1 |     2 ||     3
 Stab: Paralysed         |       |       |     5 |    13 ||    18
  Eat: Ration            |       |       |       |     1 ||     1
       Chunk             |       |       |       |     2 ||     2
Armor: Scale mail        |     6 |     5 |    25 |     5 ||    41
       Plate armour      |       |       |       |    88 ||    88
Dodge: Dodged            |     4 |       |     4 |    25 ||    33
Block: Shield            |     7 |     1 |    20 |    55 ||    83
